 Dungeon Crawl Stone Soup version 0.16-a0-1132-gad589c6 (webtiles) character file.

12009 Ololoev the Archer (level 11, -1/86 HPs)
             Began as a Centaur Hunter on Oct 6, 2014.
             Was a High Priest of Okawaru.
             Slain by a troll (7 damage)
             ... on level 12 of the Dungeon on Oct 7, 2014.
             The game lasted 01:12:50 (20842 turns).

Ololoev the Archer (Centaur Hunter)                Turns: 20842, Time: 01:12:52

Health: -1/86      AC: 14    Str: 15    XL:     11   Next: 56%
Magic:  15/15      EV:  9    Int: 10    God:    Okawaru [*****.]
Gold:   170        SH:  0    Dex: 13    Spells: 0 memorised, 10 levels left

rFire  + . .     SeeInvis +     a - +0 long sword (protect)
rCold  . . .     Clarity  .     E - +2 leather armour {rPois}
rNeg   + . .     SustAb   .     (no shield)
rPois  +         Gourm    .     n - +0 helmet
rElec  .         Spirit   .     G - +0 cloak
rCorr  .         Warding  +     m - +0 pair of gloves
rMut   .         Stasis   .     (no barding)
MR     .....                    d - amulet of warding
Stlth  +.........               N - ring of protection from fire
                                H - ring of see invisible

@: drained, very quick, not resistant to hostile enchantments, very unstealthy
A: hooves 3, deformed body, speed 2, tough skin 3
a: Heroism, Finesse, Renounce Religion


You were on level 12 of the Dungeon.
You worshipped Okawaru.
Okawaru was extremely pleased with you.
You were hungry.

You visited 3 branches of the dungeon, and saw 14 of its levels.
You also visited: Sewer.

You collected 662 gold pieces.
You spent 492 gold pieces at shops.

Inventory:

Hand weapons
 a - a +0 long sword of protection (weapon)
 b - a +1 shortbow
Missiles
 c - 61 arrows
 t - 14 poisoned arrows
 A - 7 arrows of frost
 L - 25 arrows of flame
Armour
 m - a +0 pair of gloves (worn)
 n - a +0 helmet (worn)
 E - a +2 leather armour of poison resistance (worn)
 G - a +0 cloak (worn)
Magical devices
 p - a wand of fire (0)
 J - a wand of heal wounds (0)
Comestibles
 f - 9 bread rations
 x - 11 royal jellies
 O - a meat ration
Scrolls
 h - 3 scrolls of random uselessness {unknown}
 j - 3 scrolls of enchant armour {unknown}
 l - 5 scrolls of identify
 o - 2 scrolls of blinking
 r - 6 scrolls of magic mapping {unknown}
 s - a scroll of enchant weapon {unknown}
 u - a scroll of fog {unknown}
 v - a scroll of recharging {unknown}
 y - 2 scrolls of fear {unknown}
 F - 2 scrolls of immolation
 K - 2 scrolls of teleportation {unknown}
 P - a scroll of amnesia {unknown}
 Q - a scroll of remove curse
Jewellery
 d - an amulet of warding (around neck)
 H - a ring of see invisible (left hand)
 N - a ring of protection from fire (right hand)
Potions
 e - a potion of magic {unknown}
 g - 2 potions of curing
 i - a potion of might {unknown}
 k - a potion of cure mutation {unknown}
 q - 4 potions of brilliance
 w - a potion of agility {unknown}
 z - a potion of berserk rage {unknown}
 B - 3 potions of restore abilities {unknown}
 C - 3 potions of heal wounds {unknown}
 D - 2 potions of flight {unknown}
 I - a potion of cancellation {unknown}
 M - a potion of haste {unknown}
 R - a potion of confusion {unknown}


   Skills:
 - Level 5.0(4.9) Fighting
 * Level 12.2(12.0) Long Blades
 - Level 14.3(14.1) Bows
 - Level 1.3(1.2) Dodging
 - Level 0.5(0.4) Stealth
 + Level 4.3(4.2) Evocations


You had 10 spell levels left.
You didn't know any spells.

Dungeon Overview and Level Annotations

Branches:
Dungeon (12/15)            Temple (1/1) D:7             Orc (1/4) D:10
   Lair (0/8) D:9

Altars:
Cheibriados
Elyvilon
Fedhas
Makhleb
Okawaru
Qazlal
Ru
Sif Muna
Vehumet
Xom
Yredelemnul
Zin

Shops:
D:4 [   D:11 *

Annotations:
D:3 Raxtorm's ghost, weakling DDFi


Innate Abilities, Weirdness & Mutations

You have hooves in place of feet.
Armour fits poorly on your strangely shaped body.
You cover ground very quickly.
You have extremely tough skin (AC +3).


Message History

You slash the troll! Your kick misses the troll.
The troll is severely wounded.
The troll bites you! The troll closely misses you. The troll claws you!
Your leather armour prevents you from hitting the troll.
The troll is severely wounded.
The troll bites you. The troll claws you but does no damage.
The troll claws you!
You slash the troll! Your kick misses the troll.
The troll is almost dead.
The troll bites you. The troll barely misses you. The troll claws you.
You closely miss the troll.
The troll is almost dead.
You hit the troll but do no damage. You kick the troll.
The troll is almost dead.
The troll bites you!
* * * LOW HITPOINT WARNING * * *
The troll claws you!
* * * LOW HITPOINT WARNING * * *
The troll claws you!
You die...

. #... #... #... #...
#... #...
#####..T#########.
........@.........#
.................
..........####'######
..........#.........#
.........#.........#
.........'.........#
.........#.........#
........#.........#
........#.........#


You could see a troll.

Vanquished Creatures
  Erolcha (D:10)
  A hill giant (D:8)
  An ugly thing (D:11)
  A cyclops (D:11)
  A gargoyle (D:12)
  A queen bee (D:11)
  2 two-headed ogres
  Prince Ribbit (D:7)
  2 trolls
  12 yaks
  A deep elf mage (D:11)
  2 wyverns
  A hungry ghost (D:10)
  A water moccasin (D:8)
  4 hippogriffs
  A black bear (D:6)
  2 orc warriors
  A phantom (D:6)
  2 sky beasts (D:8)
  2 ice beasts
  6 ogres
  2 yellow wasps
  A manticore skeleton (D:10)
  Sigmund (D:4)
  Duvessa (D:4)
  2 big kobolds
  2 centaurs
  3 giant frogs
  A komodo dragon skeleton (D:11)
  5 scorpions
  26 killer bees
  4 wights (D:12)
  A wandering mushroom (D:9)
  2 giant frog zombies
  Dowan (D:4)
  2 goliath beetles
  3 crimson imps
  A vampire bat (D:5)
  3 jellies
  8 hounds
  A soldier ant zombie (D:11)
  A centaur skeleton (D:5)
  A giant frog skeleton (D:4)
  9 worker ants
  12 orc wizards
  6 orc priests
  A black bear skeleton (D:6)
  3 iguanas
  Ijyb (D:2)
  An ogre zombie (D:11)
  An ogre skeleton (D:11)
  A mummy (D:8)
  7 gnolls
  12 adders
  2 shadow imps
  A giant mite (D:3)
  4 worms
  2 iguana skeletons
  3 fire bats (D:5)
  5 giant geckos
  45 orcs
  2 spectral bats (D:5)
  2 ball pythons
  22 bats
  3 bat skeletons (D:5)
  2 bat zombies (D:5)
  3 giant cockroaches (D:3)
  17 goblins
  14 hobgoblins
  16 jackals
  5 quokkas
  A bat simulacrum (D:5)
  4 giant newts
  A hobgoblin skeleton (D:3)
  30 kobolds
  A kobold skeleton (D:4)
  23 rats
  2 ballistomycetes (D:8)
  A fungus (D:9)
383 creatures vanquished.

Vanquished Creatures (others)
  A giant spore (D:8)
  A wandering mushroom (D:9)
  A fungus (D:9)
  A plant (D:11)
4 creatures vanquished.

Grand Total: 387 creatures vanquished

Notes
Turn   | Place    | Note
--------------------------------------------------------------
     0 | D:1      | Ololoev, the Centaur Hunter, began the quest for the Orb.
     0 | D:1      | Reached XP level 1. HP: 16/16 MP: 1/1
   515 | D:1      | Reached XP level 2. HP: 23/23 MP: 2/2
   900 | D:1      | Reached skill level 6 in Bows
  1280 | D:2      | Noticed Ijyb
  1482 | D:2      | Killed Ijyb
  1482 | D:2      | Reached XP level 3. HP: 28/28 MP: 3/3
  1672 | D:2      | Reached skill level 7 in Bows
  2222 | D:2      | Reached XP level 4. HP: 35/35 MP: 3/3
  2587 | D:2      | Reached skill level 8 in Bows
  2913 | D:3      | Reached XP level 5. HP: 34/40 MP: 4/4
  3217 | D:3      | Found a snail-covered altar of Cheibriados.
  3282 | D:3      | Reached skill level 9 in Bows
  3853 | D:3      | Found a deep blue altar of Sif Muna.
  3866 | D:3      | Noticed Raxtorm's ghost (weakling DDFi)
  4609 | D:4      | Reached XP level 6. HP: 38/47 MP: 5/5
  4678 | D:4      | Found a glowing drain.
  4686 | Sewer    | Entered a sewer
  4787 | Sewer    | Reached skill level 10 in Bows
  4816 | Sewer    | Found a glowing silver altar of Zin.
  5085 | D:4      | Reached skill level 1 in Long Blades
  5147 | D:4      | Noticed Duvessa
  5147 | D:4      | Noticed Dowan
  5148 | D:4      | Upgraded the game from 0.16-a0-1120-gd281f79 to 0.16-a0-1132-gad589c6
  5162 | D:4      | Killed Duvessa
  5162 | D:4      | Reached XP level 7. HP: 52/52 MP: 5/5
  5169 | D:4      | Killed Dowan
  5230 | D:4      | Found Tiydd's Armour Boutique.
  5234 | D:4      | Bought a +2 leather armour of poison resistance for 192 gold pieces
  5299 | D:4      | Found a burning altar of Makhleb.
  5307 | D:4      | Noticed Sigmund
  5381 | D:4      | Killed Sigmund
  6073 | D:4      | Found a stormy altar of Qazlal.
  6118 | D:5      | Entered Level 5 of the Dungeon
  6532 | D:5      | Reached skill level 11 in Bows
  6821 | D:5      | Reached XP level 8. HP: 56/63 MP: 6/6
  7557 | D:6      | Reached skill level 5 in Long Blades
  8125 | D:6      | Reached XP level 9. HP: 66/72 MP: 7/7
  8141 | D:6      | Reached skill level 12 in Bows
  8848 | D:7      | Reached skill level 5 in Fighting
  8994 | D:7      | Noticed Prince Ribbit
  9038 | D:7      | Killed Prince Ribbit
  9508 | D:7      | Found a staircase to the Ecumenical Temple.
  9517 | Temple   | Entered the Ecumenical Temple
  9546 | Temple   | Became a worshipper of Warmaster Okawaru
 10045 | D:8      | Noticed a hill giant
 10851 | D:8      | Acquired Okawaru's first power
 11114 | D:8      | Killed a hill giant
 11114 | D:8      | Reached skill level 13 in Bows
 11114 | D:8      | Reached XP level 10. HP: 81/81 MP: 7/7
 12396 | D:8      | Got a faintly glowing war axe
 12397 | D:8      | Identified the +7 war axe of Courage {flame, *Tele Dex+2} (You found it on level 8 of the Dungeon)
 12537 | D:8      | Found a shimmering altar of Xom.
 12537 | D:8      | Found a white marble altar of Elyvilon.
 12537 | D:8      | Found a blossoming altar of Fedhas.
 13073 | D:9      | Found a staircase to the Lair.
 13610 | D:9      | Found a radiant altar of Vehumet.
 14099 | D:10     | Entered Level 10 of the Dungeon
 14099 | D:10     | Noticed Erolcha
 14154 | D:10     | Found a staircase to the Orcish Mines.
 14180 | Orc:1    | Entered Level 1 of the Orcish Mines
 14310 | D:10     | Reached skill level 10 in Long Blades
 14313 | D:10     | HP: 3/81 [yak (6)]
 14796 | D:10     | Received a gift from Okawaru
 15251 | D:9      | Reached skill level 14 in Bows
 16254 | D:10     | Killed Erolcha
 16750 | D:10     | Reached XP level 11. HP: 75/86 MP: 8/8
 16916 | D:11     | Received a gift from Okawaru
 17026 | D:11     | Reached skill level 1 in Evocations
 17757 | D:11     | Acquired Okawaru's second power
 18474 | D:11     | Found Bimok's Assorted Antiques.
 18493 | D:11     | Bought a smoky white potion for 35 gold pieces
 18493 | D:11     | Bought a glittering ivory ring for 195 gold pieces
 18493 | D:11     | Bought a fuming yellow potion for 35 gold pieces
 18493 | D:11     | Bought a bubbling purple potion for 35 gold pieces
 18495 | D:11     | Identified the ring of Huiv {MP+9 Dex-3 Int+1 Curse} (You bought it in a shop on level 11 of the Dungeon)
 20255 | D:12     | Received a gift from Okawaru
 20842 | D:12     | Slain by a troll

Action                   |  1- 3 |  4- 6 |  7- 9 | 10-12 || total
-------------------------+-------+-------+-------+-------++-------
Melee: Short sword       |   125 |    47 |       |       ||   172
       Dagger            |       |    93 |   411 |    65 ||   569
       Flail             |       |     9 |       |       ||     9
       Falchion          |       |       |    30 |       ||    30
       Long sword        |       |       |       |   777 ||   777
 Fire: Shortbow          |    74 |   102 |   106 |   123 ||   405
Invok: Heroism           |       |       |       |     1 ||     1
Evoke: Wand              |       |       |     2 |     3 ||     5
  Use: Scroll            |       |     3 |       |     6 ||     9
       Potion            |       |       |       |     1 ||     1
  Eat: Chunk             |     3 |     8 |    14 |    12 ||    37
       Beef jerky        |       |       |     1 |     3 ||     4
       Fruit             |       |       |       |     2 ||     2
       Pizza             |       |       |       |     2 ||     2
       Royal jelly       |       |       |       |     1 ||     1
       Meat ration       |       |       |       |     1 ||     1
